 Dungeon Sprint DCSS version 0.30-a0-51-g784eafce7f (webtiles) character file.

Game seed: 3652676428342369831

1464 Ankalagon the Covert (level 8, -5/99 HPs)
             Began as a Demigod Wanderer on Sept 5, 2022.
             Slain by a skeletal warrior
             ... wielding a +0 halberd
              (24 damage)
             ... in the Dungeon (Sprint II: "The Violet Keep of Menkaure").
             The game lasted 00:03:52 (893 turns).

Ankalagon the Covert (Demigod Wanderer)              Turns: 893, Time: 00:03:53

Health: -5/99      AC:  3    Str:  9    XL:     8   Next: 24%
Magic:  16/16      EV: 14    Int: 17    God:
Gold:   972        SH:  0    Dex: 18    Spells: 11/12 levels left

rFire   . . .      SeeInvis .    a - +2 short sword
rCold   . . .      Faith    .    (no shield)
rNeg    . . .      Spirit   .    d - +0 robe
rPois   .          Reflect  .    (no helmet)
rElec   .          Harm     .    (no cloak)
rCorr   .          Rampage  .    b - +0 pair of gloves
Will    .....      Rage     9%   (no boots)
Stlth   .......... NoTele   +    (no amulet)
HPRegen 0.26/turn                (no ring)
MPRegen 0.15/turn                (no ring)

@: berserking, unable to drink, very quick
A: high MP 2, forlorn, divine attributes, berserk 2, clumsy 1, weak 1, inability
to drink after injury 1
a: no special abilities


You were in the Dungeon.
You visited 1 branch You collected 972 gold pieces.

Inventory:

Hand Weapons
 a - a +2 short sword (weapon)
Armour
 b - a +0 pair of gloves (worn)
 d - a +0 robe (worn)
Scrolls
 c - a scroll of butterflies
 j - a scroll of blinking
Potions
 f - a potion of heal wounds
 h - 2 potions of magic


   Skills:
 + Level 3.8 Fighting
 - Level 12.0 Short Blades
 - Level 1.0 Armour
 + Level 4.3 Dodging
 + Level 12.7 Stealth
 - Level 2.6 Spellcasting
 - Level 1.0 Fire Magic


You had 11 spell levels left.
You knew the following spells:

 Your Spells              Type           Power      Damage    Failure   Level
a - Foxfire               Conj/Fire      12%        2x1d4     14%         1

Your spell library contained the following spells:

 Spells                   Type           Power      Damage    Failure   Level
 Ignite Poison            Fire/Tmut/Pois 3%         N/A       43%         3


Dungeon Overview and Level Annotations

Branches:
Dungeon (1/1)

Shops:
D [=?==!!=[

Annotations:
D exclusion: obsidian statue, Kirke


Innate Abilities, Weirdness & Mutations

You have a considerably increased reservoir of magic. (+20% MP)
You shall have no god before yourself.
Your divine heritage dramatically boosts your attributes as you level up.
You have an uncontrollable temper.
You are clumsy. (Dex -2)
You are weak. (Str -2)
You occasionally lose the ability to drink potions when taking damage.


Message History

The skeletal warrior is heavily damaged.
You barely miss the skeletal warrior.
The skeletal warrior is heavily damaged.
You barely miss the skeletal warrior.
The skeletal warrior is heavily damaged.
The skeletal warrior hits you with a +0 halberd!
You feel threatened and lose the ability to drink potions!
You closely miss the skeletal warrior.
The skeletal warrior is heavily damaged.
You hit the skeletal warrior but do no damage.
The skeletal warrior is heavily damaged.
You hit the skeletal warrior but do no damage.
The skeletal warrior is heavily damaged.
You can drink potions again.
The skeletal warrior hits you with a +0 halberd.
* * * LOW HITPOINT WARNING * * *
You hit the skeletal warrior but do no damage.
The skeletal warrior is heavily damaged.
You puncture the skeletal warrior!
The skeletal warrior is severely damaged.
The skeletal warrior hits you with a +0 halberd!
* * * LOW HITPOINT WARNING * * *
You hit the skeletal warrior but do no damage.
The skeletal warrior is severely damaged.
You puncture the skeletal warrior!
The skeletal warrior is almost destroyed.
You barely miss the skeletal warrior.
The skeletal warrior is almost destroyed.
You closely miss the skeletal warrior.
The skeletal warrior is almost destroyed.
The skeletal warrior barely misses you.
You hit the skeletal warrior.
The skeletal warrior is almost destroyed.
You hit the skeletal warrior.
The skeletal warrior is almost destroyed.
You hit the skeletal warrior.
The skeletal warrior is almost destroyed.
The skeletal warrior hits you with a +0 halberd!!
You feel threatened and lose the ability to drink potions!
You die...

.∩.∩.#Y~####.#.####
∩.∩..#~##.###'###.##
.∩...#~#..###.##.).#
.+z'##.'.<.'.#.+
.....#~#..###.##...#
▓▓▓###~##.# #+###.##
######~ ######.####
## #..##.# ##@..##
##z## ~~~~~ +++#+++
≈≈≈ ≈≈≈ ≈≈8≈§ ≈≈≈○°


You could see an obsidian statue and a skeletal warrior.

Vanquished Creatures
  A merfolk siren (D)
  2 wyverns (D)
  4 neqoxecs (D)
  Menkaure (D)
  4 scorpions (D)
12 creatures vanquished.

Vanquished Creatures (others)
  A water moccasin (D)
1 creature vanquished.

Grand Total: 13 creatures vanquished

Notes
Turn   | Place    | Note
-------+----------+-------------------------------------------
     0 | D        | Ankalagon the Demigod Wanderer began the quest for the Orb.
     0 | D        | Ankalagon set off with the following items: a +2 short
                  | sword, a +0 pair of gloves, a scroll of butterflies, a +0
                  | robe, a potion of curing, a potion of heal wounds, a potion
                  | of haste, 2 potions of magic, a potion of berserk rage, a
                  | scroll of blinking; and the following spell memorised:
                  | Foxfire; and the following spells available to memorise:
                  | Ignite Poison.
     0 | D        | Reached XP level 1. HP: 14/14 MP: 6/6
     1 | D        | Noticed a merfolk siren
    22 | D        | Killed a merfolk siren
    23 | D        | Reached XP level 2. HP: 5/20 MP: 8/8
    23 | D        | Reached XP level 3. HP: 6/26 MP: 9/9
    23 | D        | Reached XP level 4. HP: 8/33 MP: 10/10
    23 | D        | Reached XP level 5. HP: 9/38 MP: 11/11
   275 | D        | Noticed a neqoxec
   280 | D        | Gained mutation: You are weak. (Str -2) [a neqoxec]
   285 | D        | Killed a neqoxec
   286 | D        | Reached skill level 10 in Stealth
   286 | D        | Reached XP level 6. HP: 45/45 MP: 13/13
   286 | D        | Noticed a neqoxec
   286 | D        | Noticed a neqoxec
   286 | D        | Noticed a neqoxec
   291 | D        | Gained mutation: You occasionally lose the ability to drink
                  | potions when taking damage. [a neqoxec]
   294 | D        | Killed a neqoxec
   295 | D        | Reached skill level 10 in Short Blades
   295 | D        | Noticed an obsidian statue
   295 | D        | Gained mutation: You have hidden genetic defects. [a
                  | neqoxec]
   298 | D        | Gained mutation: You are clumsy. (Dex -2) [a neqoxec]
   300 | D        | Gained mutation: You have a considerably increased
                  | reservoir of magic. (+20% MP) [a neqoxec]
   302 | D        | Killed a neqoxec
   303 | D        | Reached XP level 7. HP: 50/50 MP: 13/15
   310 | D        | Killed a neqoxec
   319 | D        | Gained mutation: You sometimes lose your temper in combat.
                  | [hidden defects]
   471 | D        | Reached skill level 1 in Fighting
   503 | D        | Gained mutation: You have an uncontrollable temper. [hidden
                  | defects]
   503 | D        | Lost mutation: You have hidden genetic defects. [hidden
                  | defects expressed]
   713 | D        | Noticed a wyvern
   713 | D        | Noticed a wyvern
   716 | D        | Killed a wyvern
   717 | D        | Reached XP level 8. HP: 62/62 MP: 16/16
   736 | D        | Found Woxumnao's Jewellery Emporium.
   736 | D        | Found Lempit's Distillery.
   736 | D        | Found Potatuox's Jewellery Shoppe.
   736 | D        | Found Boucaal's Armour Emporium.
   736 | D        | Found Otistaeng's Jewellery Shoppe.
   736 | D        | Found Mearuc's Distillery.
   736 | D        | Found Olituled's Jewellery Shoppe.
   750 | D        | Noticed Menkaure
   751 | D        | Noticed Kirke
   751 | D        | Noticed a kobold demonologist
   751 | D        | Noticed a skeletal warrior
   752 | D        | Killed Menkaure
   766 | D        | Found Luteaq's Magic Scroll Emporium.
   766 | D        | Found Efegawn's Antique Armour Shoppe.
   766 | D        | Noticed an elephant
   893 | D        | Slain by a skeletal warrior

Illustrated notes

Levels and vault maps discovered:
D:        the_violet_keep_of_menkaure [sprint2_stairs_cluster_1,
          sprint2_shoproom, sprint2_temple, sprint2_basic_supplies,
          sprint2_obstacle_3, sprint2_obstacle_7, sprint2_obstacle_1,
          sprint2_obstacle_5, sprint2_obstacle_4, sprint2_timed_cluster_1,
          sprint2_smallroom_cluster_1, sprint2_smallroom_final_cluster_1,
          sprint2_transparent_cluster_1, sprint2_second_timed_cluster_1,
          sprint2_sniper_area_1, sprint2_heavy_combat_area_1,
          sprint2_mutation_trap_area_1, sprint2_forest_area_1,
          sprint2_light_combat_area_1, sprint2_behind_water_1,
          sprint2_near_end_vault_1]

Skill      XL: |  1  2  3  4  5  6  7  8 |
---------------+-------------------------+-----
Short Blades   | 9 10 11 12 | 12.0
Stealth        | 9 10 11 12 | 12.7
Dodging        | 3 4 |  4.3
Fighting       | 2 3 |  3.8
Armour         | |  1.0
Spellcasting   | |  2.6
Fire Magic     | |  1.0

Action                   |  1- 3 |  4- 6 |  7- 9 || total
-------------------------+-------+-------+-------++-------
Melee: Short sword       |    18 |    22 |    64 ||   104
       Punch             |     1 |       |     1 ||     2
  Use: Potion            |     1 |     1 |     1 ||     3
 Stab: Sleeping          |       |       |     6 ||     6
Armor: Robe              |       |     1 |     1 ||     2
Dodge: Dodged            |     1 |     3 |    10 ||    14

Table legend: (Time is in decaauts)
 A = Elapsed time spent in this place.
 B = Non-inter-level travel time spent in this place.
 C = Inter-level travel time spent in this place.
 D = Time resting spent in this place.
 E = Time spent auto-exploring this place.
 F = Levels seen in this place.
 G = Mean time per level.
                   A        B        C        D        E       F      G
               +--------+--------+--------+--------+--------+-----+--------+
         Total |    836 |    836 |      0 |    678 |      0 |   1 |  836.0 |
       Dungeon |    836 |    836 |      0 |    678 |      0 |   1 |  836.0 |
               +--------+--------+--------+--------+--------+-----+--------+

Top non-repeatable levels by time:
       D: 836 daAuts
